Map: Acolyte LE

Players

IIIIIIIIIIII - Winner!

  • Race: Protoss Protoss
  • League: Master
  • Spawn Location: 1:00

ChampioNSoO

  • Race: Zerg Zerg
  • League: Master
  • Spawn Location: 7:00

VOD

Have the link to the VOD?

Description

Time

  • Played on: July 23, 2017, 10:59 p.m.
  • Length: 13:02
Show
View Real Time Build Order
Export as new Build Order

IIIIIIIIIIII Protoss - Winner!

Build Orders: 1 Gate Expand, Archon Immortal 

Get SALT Encoding   

  12  0:00  Probe (Chrono Boost)  
  13  0:11  Probe (Chrono Boost)  
  14  0:17  Pylon  
  14  0:22  Probe (Chrono Boost)  
  15  0:35  Probe (Chrono Boost)  
  16  0:37  Gateway  
  16  0:41  Assimilator  
  16  0:46  Probe (Chrono Boost)  
  17  0:56  Probe (Chrono Boost)  
  18  1:07  Probe (Chrono Boost)  
  19  1:18  Nexus  
  19  1:22  Probe (Chrono Boost)  
  20  1:32  Cybernetics Core  
  20  1:34  Probe (Chrono Boost)  
  20  1:39  Assimilator  
  21  1:45  Probe (Chrono Boost)  
  22  1:51  Pylon  
  22  1:55  Probe (Chrono Boost)  
  23  2:09  Stalker (Chrono Boost), Probe  
  26  2:21  Probe  
  27  2:23  Warp Gate  
  27  2:29  Probe (Chrono Boost)  
  27  2:33  Probe (Chrono Boost)  
  27  2:35  Zealot  
  31  2:41  Probe (Chrono Boost)  
  31  2:43  Robotics Facility  
  32  2:44  Probe (Chrono Boost)  
  33  2:51  Probe (Chrono Boost)  
  33  2:55  Probe (Chrono Boost)  
  35  3:02  Twilight Council  
  37  3:06  Mothership Core (Chrono Boost)  
  37  3:07  Probe (Chrono Boost)  
  38  3:17  Probe (Chrono Boost)  
  39  3:21  Gateway  
  39  3:24  Probe (Chrono Boost)  
  39  3:25  Gateway  
  40  3:28  Probe (Chrono Boost)  
  40  3:29  Observer  
  42  3:34  Probe (Chrono Boost)  
  42  3:35  Pylon  
  42  3:38  Probe (Chrono Boost)  
  44  3:45  Charge (Chrono Boost), Probe (Chrono Boost)  
  45  3:48  Warp Prism  
  45  3:49  Probe  
  48  3:57  Pylon, Probe  
  48  4:02  Probe  
  50  4:05  Pylon, Assimilator x2  
  51  4:10  Probe  
  51  4:11  Pylon  
  51  4:14  Probe  
  52  4:17  Gateway  
  52  4:23  Zealot x2  
  56  4:26  Zealot  
  58  4:32  Probe x2  
  60  4:41  Templar Archives  
  60  4:46  Forge, Probe x2  
  62  5:01  Zealot x3  
  62  5:02  Probe x2  
  62  5:06  Gateway  
  70  5:15  Immortal  
  70  5:20  Protoss Ground Weapons Level 1 (Chrono Boost)  
  74  5:25  Zealot x3  
  78  5:29  Probe x2  
  72  5:41  Probe x2  
  68  5:45  Nexus  
  66  5:54  Probe x2, High Templar x4  
  76  6:01  Pylon  
  76  6:04  Pylon  
  76  6:07  Pylon  
  76  6:09  Psionic Storm  
  76  6:10  Pylon  
  76  6:18  Immortal  
  76  6:23  Photon Cannon  
  76  6:24  Probe x2  
  82  6:29  Gateway  
  82  6:32  Gateway  
  82  6:39  Probe x2  
  84  6:46  High Templar x2  
  88  6:51  Pylon, Probe x2  
  88  6:53  Pylon  
  90  6:55  Archon  
  90  6:57  Immortal, Protoss Ground Weapons Level 2  
  94  7:01  Zealot x2  
  94  7:05  Photon Cannon  
  98  7:10  Photon Cannon  
  98  7:13  Probe x2  
  98  7:14  Probe  
  101  7:20  Assimilator  
  101  7:21  Assimilator  
  101  7:22  Zealot x2  
  105  7:23  Zealot  
  107  7:32  Probe  
  107  7:33  Probe  
  107  7:34  Probe  
  110  7:46  Immortal  
  110  7:50  Robotics Facility  
  113  8:10  Photon Cannon  
  113  8:11  High Templar x4  
  121  8:17  Gateway  
  121  8:19  Gateway  
  121  8:20  Archon  
  121  8:22  Archon  
  121  8:23  High Templar  
  121  8:24  High Templar  
  121  8:26  Gateway  
  125  8:29  Archon  
  125  8:30  Immortal  
  125  8:33  Pylon  
  129  8:34  Pylon  
  129  8:37  Zealot, Pylon  
  129  8:40  Pylon  
  131  8:42  Gateway, Pylon  
  131  8:45  Photon Cannon  
  130  9:04  Zealot x3  
  130  9:05  Zealot x3  
  130  9:06  Blink  
  142  9:14  Immortal  
  142  9:15  Immortal  
  150  9:23  Nexus  
  150  9:26  Pylon  
  150  9:28  Pylon  
  150  9:32  Pylon  
  148  9:41  Zealot x3  
  148  9:42  Zealot x4  
  156  9:54  Immortal x2  
  164  10:00  Zealot x3  
  164  10:03  Zealot x2  
  164  10:05  Zealot x3  
  180  10:08  Zealot  
  180  10:12  Probe  
  180  10:13  Probe x2  
  179  10:17  Protoss Ground Armor Level 1  
  159  10:21  Zealot x3  
  159  10:25  Probe  
  150  10:29  Zealot x3  
  150  10:31  Probe x2  
  150  10:34  Probe  
  151  10:37  Probe  
  152  10:43  Probe  
  153  10:53  High Templar x6  
  153  10:54  High Templar x3  
  153  10:56  High Templar  
  167  10:57  Archon x2  
  167  10:58  Archon x2  
  167  11:00  Archon  
  167  11:02  Warp Prism  
  169  11:09  Observer  
  168  11:21  Nexus  
  168  11:25  Pylon, High Templar x2  
  170  11:28  Pylon  
  164  11:47  Photon Cannon  
  164  11:48  Gateway  
  164  11:49  Gateway  
  164  11:50  Zealot  
  164  11:51  Zealot x3  
  172  11:57  Zealot x2  
  172  12:00  Zealot x2  
  172  12:06  High Templar x2  
  169  12:25  Zealot x5  
  149  12:59  Zealot  
  149  13:00  Zealot x7  
Show
View Real Time Build Order
Export as new Build Order

ChampioNSoO Zerg 

Build Orders: Hatch First, Lurkers, Swarm Host 

Get SALT Encoding   

  12  0:00  Drone  
  13  0:12  Overlord  
  13  0:17  Drone  
  14  0:32  Drone x2  
  16  0:36  Drone  
  17  0:52  Hatchery  
  17  0:56  Drone  
  17  0:58  Drone  
  18  1:09  Extractor  
  17  1:13  Spawning Pool  
  17  1:17  Drone  
  17  1:20  Drone  
  18  1:29  Drone  
  19  1:39  Drone  
  20  1:48  Hatchery  
  19  1:54  Drone  
  21  2:01  Zergling x2  
  21  2:03  Queen  
  23  2:10  Metabolic Boost  
  23  2:13  Drone  
  24  2:19  Drone  
  25  2:23  Overlord  
  25  2:28  Drone  
  26  2:30  Drone  
  26  2:33  Drone  
  28  2:41  Queen  
  30  2:46  Zergling x4  
  30  2:51  Pneumatized Carapace  
  32  2:58  Drone x2  
  34  3:00  Zergling x2  
  34  3:04  Queen  
  37  3:10  Evolution Chamber  
  36  3:13  Drone  
  36  3:14  Drone  
  36  3:18  Drone  
  39  3:21  Overlord  
  39  3:22  Drone  
  40  3:27  Drone x2  
  40  3:29  Overlord  
  42  3:41  Overlord  
  42  3:43  Drone x5  
  47  3:55  Drone x6  
  52  3:56  Drone  
  52  4:02  Queen  
  55  4:06  Zerg Melee Weapons Level 1  
  55  4:11  Extractor  
  54  4:23  Zergling x18, Baneling Nest  
  62  4:29  Zergling x2  
  62  4:30  Zergling x4  
  65  4:32  Overlord  
  65  4:33  Overlord  
  65  4:36  Overlord  
  65  4:37  Overlord  
  65  4:42  Overlord  
  65  4:45  Overlord  
  62  4:49  Lair  
  62  4:50  Overlord  
  62  4:54  Overlord  
  62  5:03  Spore Crawler  
  62  5:04  Zergling x10  
  62  5:05  Zergling x2  
  67  5:09  Baneling x4  
  67  5:11  Baneling  
  67  5:19  Zergling x14  
  69  5:27  Zergling x10  
  70  5:31  Zergling x8  
  71  5:41  Zergling x10  
  73  5:50  Overseer  
  73  5:58  Overlord  
  73  6:00  Hydralisk Den  
  73  6:04  Drone x5  
  78  6:11  Drone, Queen  
  78  6:13  Queen  
  78  6:14  Zergling x4  
  78  6:17  Baneling x8  
  84  6:25  Zergling x12  
  91  6:32  Extractor, Drone  
  91  6:33  Drone  
  91  6:36  Drone  
  91  6:37  Overlord  
  92  6:41  Drone  
  92  6:45  Overlord  
  93  6:50  Drone x2  
  93  6:52  Extractor, Drone x4  
  98  6:58  Hydralisk x2  
  101  7:05  Hatchery, Hydralisk x3  
  105  7:16  Hydralisk x2  
  105  7:19  Drone x3  
  112  7:27  Hatchery  
  112  7:28  Drone x2  
  112  7:29  Baneling x3  
  113  7:33  Drone  
  113  7:34  Drone  
  113  7:36  Drone x3  
  118  7:38  Extractor  
  118  7:39  Muscular Augments, Extractor  
  118  7:41  Drone  
  117  7:48  Drone x2  
  119  7:51  Infestation Pit  
  119  7:58  Drone x4  
  122  8:00  Zerg Melee Weapons Level 2  
  122  8:04  Overlord x2  
  120  8:11  Overlord x3  
  120  8:13  Centrifical Hooks  
  120  8:15  Drone x2  
  122  8:26  Drone x3  
  124  8:29  Swarm Host x3  
  124  8:31  Swarm Host  
  136  8:36  Swarm Host  
  136  8:39  Drone x4  
  136  8:40  Drone x2  
  145  8:42  Swarm Host  
  145  8:44  Swarm Host  
  145  8:48  Extractor  
  150  8:52  Swarm Host  
  153  9:00  Zergling x2  
  153  9:01  Zergling x20  
  164  9:04  Drone  
  164  9:07  Hatchery  
  164  9:09  Zergling x12  
  167  9:17  Zergling x2  
  167  9:18  Zergling x14  
  167  9:19  Baneling x4  
  167  9:22  Lurker Den  
  173  9:44  Burrow  
  173  9:45  Hive  
  170  9:52  Zergling x42  
  182  10:07  Drone x7  
  172  10:17  Zerg Ground Armor Level 1  
  165  10:25  Baneling x36  
  164  10:36  Queen  
  164  10:38  Drone x2  
  164  10:40  Zergling x2  
  164  10:41  Zergling x20  
  164  10:51  Spire  
  154  11:00  Adrenal Glands  
  154  11:18  Drone x3  
  154  11:19  Drone x2  
  154  11:20  Drone  
  159  11:36  Zergling x26  
  159  11:37  Zergling x16  
  159  11:39  Overlord x4  
  179  11:40  Hatchery  
  178  11:47  Spine Crawler x3  
  178  11:52  Overlord  
  178  11:53  Lurker x5  
  180  11:57  Drone x3  
  180  11:58  Drone x4  
  180  11:59  Drone  
  180  12:00  Spine Crawler  
  180  12:01  Spine Crawler x2  
  180  12:08  Zergling x20  
  181  12:17  Baneling x25  
  181  12:20  Zergling x20  
  184  12:25  Zergling x2, Hydralisk  
  165  12:38  Zergling x14  
Tags
 
Add a new tag
Caveats
  • Supply blocks, unpowered buildings, or Contaminate may cause inaccurate times.
  • Supply counts are checked every 10 seconds.